 Dungeon Crawl Stone Soup version 0.16.2-12-gd0ad4c3 (webtiles) character file.

230024 Kira the Imperceptible (level 18, 0/74 HPs)
             Began as a Spriggan Wizard on Oct 17, 2015.
             Was the Champion of Nemelex Xobeh.
             Slain by an anaconda simulacrum (30 damage)
             ... in an ice cave on Oct 19, 2015.
             The game lasted 11:51:00 (64880 turns).

Kira the Imperceptible (Spriggan Wizard)           Turns: 64880, Time: 11:51:03

Health: 0/74       AC:  8    Str:  3    XL:     18   Next: 31%
Magic:  41/41      EV: 31    Int: 27    God:    Nemelex Xobeh [******]
Gold:   1418       SH:  6    Dex: 15    Spells: 15 memorised, 6 levels left

rFire  . . .     SeeInvis +     W - +3 rapier (distort)
rCold  . . .     Clarity  .     k - +4 robe "Shriprupt" {rPois}
rNeg   . . .     SustAb   .     Q - +1 buckler "Thruwoq" {Stlth+}
rPois  +         Gourm    .     b - +1 hat
rElec  .         Spirit   .     a - +0 cloak {MR+}
rCorr  .         Warding  .     (gloves unavailable)
rMut   .         Stasis   .     (boots unavailable)
MR     ++++.                    (no amulet)
Stlth  ++++++++++               u - ring of stealth
                                (no ring)

@: very slightly contaminated, very quick, incredibly resistant to hostile
enchantments, uncannily stealthy
A: unfitting armour, see invisible, herbivore 3, speed 3, slow metabolism 2
a: Triple Draw, Deal Four, Stack Five, Renounce Religion
}: 2/15 runes: barnacled, gossamer


You were in an ice cave.
You worshipped Nemelex Xobeh.
Nemelex Xobeh was exalted by your worship.
You were not hungry.

You visited 8 branches of the dungeon, and saw 40 of its levels.
You also visited: Labyrinth, Bailey and Ice Cave.

You collected 4187 gold pieces.
You spent 2769 gold pieces at shops.

Inventory:

Hand weapons
 e - the +9 dagger "Soibliez" {speed, Str+2}
   (You bought it in a shop on level 2 of the Orcish Mines)

   Attacks with this weapon are significantly faster.
   It affects your strength (+2).
 W - a +3 rapier of distortion (weapon)
Armour
 a - a +0 cloak of magic resistance (worn)
 b - a +1 hat (worn)
 k - the +4 robe "Shriprupt" (worn) {rPois}
   (You found it on level 6 of the Dungeon)

   It protects you from poison.
 F - the +1 cloak of the Cockatrice {-Tele rPois rF+ rCorr Stlth-}
   (You bought it in a shop on level 6 of the Dungeon)

   It protects you from fire.
   It protects you from poison.
   It prevents most forms of teleportation.
   It protects you from acid and corrosion.
   It makes you less stealthy.
 Q - the +1 buckler "Thruwoq" (worn) {Stlth+}
   (You found it on level 2 of the Lair of Beasts)

   It makes you more stealthy.
Rods
 j - a +9 rod of ignition (17/17)
   (You found it in a labyrinth)
 B - a +0 rod of inaccuracy (9/9)
   (You bought it in a shop on level 4 of the Shoals)
Jewellery
 n - an uncursed ring of protection from magic
 s - a +2 ring of slaying
 u - a ring of stealth (right hand)
Magical devices
 g - a wand of frost (24)
 i - a wand of slowing (33)
 x - a wand of paralysis (15)
 A - a wand of fire (6)
 M - a wand of hasting (3)
 P - a wand of flame (39)
 S - a wand of digging (15)
 V - a wand of teleportation (9)
Scrolls
 f - 9 scrolls of identify
 h - 16 scrolls of teleportation
 m - a scroll of amnesia
 v - a scroll of blinking
 z - a scroll of immolation
 C - 2 scrolls of remove curse
 R - a scroll of enchant weapon
Potions
 o - 7 potions of curing
 q - 4 potions of flight
 E - 3 potions of magic
 H - 4 potions of cancellation
 O - 4 potions of ambrosia
 Y - a potion of haste
Books
 L - a book of the Earth

   Spells                             Type                      Level
   a - Leda's Liquefaction            Hexes/Earth                  4
   b - Bolt of Magma                  Conjuration/Fire/Earth       5
   c - Statue Form                    Transmutation/Earth          6
   d - Iron Shot                      Conjuration/Earth            6
   e - Shatter                        Earth                        9
Miscellaneous
 l - an ornate deck of destruction
 p - a legendary deck of war {drawn: 1}
 r - an ornate deck of war
 t - a fan of gales
 w - an ornate deck of destruction {drawn: 5}
 y - an ornate deck of escape
 D - an ornate deck of destruction {drawn: 1}
 G - a legendary deck of destruction
 I - a plain deck of summoning
 J - a fan of gales
 K - a legendary deck of escape
 N - an ornate deck of war
 T - a legendary deck of destruction {drawn: 3}
 U - a crystal ball of energy
 X - an ornate deck of destruction
 Z - a lamp of fire
Comestibles
 c - 5 fruits
 d - 6 bread rations


   Skills:
 - Level 7.9 Short Blades
 + Level 17.9 Dodging
 + Level 21.6 Stealth
 - Level 0.7 Shields
 - Level 15.1 Spellcasting
 * Level 10.1 Conjurations
 + Level 13.9 Hexes
 + Level 3.4 Charms
 - Level 0.7 Summonings
 * Level 13.8 Translocations
 + Level 0.6 Air Magic
 - Level 1.6 Earth Magic
 + Level 16.0 Evocations


You had 6 spell levels left.
You knew the following spells:

 Your Spells              Type           Power        Failure   Level  Hunger
a - Magic Dart            Conj           ####         1%          1    None
b - Repel Missiles        Chrm/Air       ####..       2%          2    None
c - Blink                 Tloc           N/A          1%          2    None
d - Tukima's Dance        Hex            #######.     1%          3    None
e - Slow                  Hex            #######.     1%          2    None
f - Corona                Hex            #######      0%          1    None
g - Enslavement           Hex            #######.     1%          4    None
h - Stone Arrow           Conj/Erth      ######       1%          3    None
i - Fulminant Prism       Conj/Hex       ######....   1%          4    None
j - Invisibility          Hex            #######.     1%          6    ####...
k - Apportation           Tloc           #######...   0%          1    None
l - Sure Blade            Hex/Chrm       ######....   1%          2    None
m - Warp Weapon           Chrm/Tloc      ######....   3%          5    None
n - Force Lance           Conj/Tloc      ######..     1%          4    None
o - Summon Butterflies    Summ           ###.....     2%          1    None


Dungeon Overview and Level Annotations

Branches:
Dungeon (15/15)            Temple (1/1) D:5            Lair (7/8) D:10
 Shoals (5/5) Lair:4       Spider (5/5) Lair:4          Orc (4/4) D:10
    Elf (2/3) Orc:3        Vaults (0/5) D:14         Depths (1/5) D:15
  Slime: Lair:6-8

Altars:
Ashenzari
Cheibriados
Dithmenos
Elyvilon
Fedhas
Gozag
Kikubaaqudgha
Makhleb
Nemelex Xobeh
Okawaru
Qazlal
Ru
Sif Muna
Trog
Vehumet
Xom
Yredelemnul
Zin
The Shining One
Beogh

Shops:
D:6 [   D:12 [   Orc:2 (%?}   Orc:4 %:[   Shoals:2 ?   Shoals:4 }

Portals:
Pandemonium: Orc:4


Innate Abilities, Weirdness & Mutations

You are tiny and cannot use many weapons and most armour.
You have supernaturally acute eyesight.
You are a herbivore.
You cover ground extremely quickly.
You need consume almost no food.


Message History

You hit the anaconda simulacrum.
Space bends around the anaconda simulacrum.
The anaconda simulacrum constricts you but does no damage.
The anaconda simulacrum bites you but does no damage.
You hit the anaconda simulacrum but do no damage.
Space bends around the anaconda simulacrum.
The anaconda simulacrum completely misses you.
The anaconda simulacrum closely misses you.
The anaconda simulacrum barely misses you.
The anaconda simulacrum completely misses you.
You hit the anaconda simulacrum.
The anaconda simulacrum blinks!
The anaconda simulacrum completely misses you.
The anaconda simulacrum bites you but does no damage.
You barely miss the anaconda simulacrum.
The anaconda simulacrum completely misses you.
The anaconda simulacrum bites you! The anaconda simulacrum freezes you!
The anaconda simulacrum closely misses you.
The anaconda simulacrum bites you. The anaconda simulacrum freezes you!!
You die...
Your body glows with a rainbow of weird colours and disappears.

#######..#### ##...##
#....###..## ##...#
###ZZ.##Z####..##
#..##
#Z5Z###.#.####..###
#..## ##ZZ...#...#
###..#####..#
#W#######..###
##...#####.
######...## #..###.###
#....§Z...####....#§..
#./.⌠@..#..####..#####
##.?...##...# ##......
#######..### ####.##
##..# #### #..###
##...### # ##....## ##
##...§# ###.
###..####..§


You could see an anaconda simulacrum.

Vanquished Creatures
  A shard shrike (Orc:4)
  Saint Roka (Shoals:1)
  2 krakens
  A storm dragon (Spider:4)
  Kirke (Shoals:2)
  Roxanne (Elf:1)
  Ilsuiw (Shoals:5)
  An orc warlord (Orc:4)
  3 emperor scorpions (Spider:5)
  5 ghost moths
  7 merfolk javelineers
  Josephine (Orc:3)
  A minotaur (Lab)
  A deep elf high priest (Elf:1)
  8 merfolk impalers
  2 ogre magi
  Fannar (D:14)
  Nessos (Orc:4)
  2 merfolk avatars
  An alligator snapping turtle (Shoals:3)
  Erica (Orc:2)
  3 hydras
  7 centaur warriors
  5 merfolk aquamancers (Shoals:5)
  A satyr (Shoals:5)
  An orc high priest (Orc:4)
  A storm dragon zombie (Depths:1)
  3 deep elf knights
  A sun demon (Orc:4)
  3 ice devils (IceCv)
  A skeletal warrior (D:14)
  15 sea snakes
  A deep troll (Orc:4)
  18 harpies
  8 hill giants
  A giant orange brain (D:15)
  A torturous demonspawn (Orc:4)
  An ice statue (IceCv)
  4 deep elf summoners (Elf:1)
  4 orc knights
  A lindwurm (Shoals:4)
  A wolf spider zombie (D:15)
  28 wolf spiders
  5 fauns
  6 ugly things
  17 orb spiders
  5 hornets
  2 deep elf conjurers (Elf:1)
  9 griffons
  2 orc sorcerers
  6 manticores
  5 cyclopes
  An octopode (shapeshifter) (D:15)
  7 water nymphs
  2 centaur zombies
  5 sirens
  2 gargoyles (D:14)
  7 spiny frogs
  A guardian serpent (Shoals:4)
  A drowned soul (Shoals:5)
  A spiny frog (shapeshifter) (D:15)
  5 centaur skeletons
  4 black mambas
  3 torpor snails
  Psyche (D:9)
  2 kobold demonologists (D:15)
  A komodo dragon (shapeshifter) (Elf:1)
  2 efreet
  4 demonic crawlers
  5 yaktaurs
  16 jumping spiders
  2 komodo dragons
  2 anaconda simulacra (IceCv)
  A fire drake (Lair:5)
  A hellwing (Orc:4)
  A blue devil (IceCv)
  A harpy zombie (D:14)
  A queen bee (shapeshifter) (D:13)
  20 merfolk
  3 wind drakes
  6 trolls
  A boulder beetle (Spider:4)
  10 deep elf priests
  5 polar bears
  4 blink frogs
  A wolf spider simulacrum (IceCv)
  Prince Ribbit (Lair:2)
  11 slime creatures
  4 two-headed ogres
  8 basilisks
  34 redbacks
  17 tarantellas
  32 trapdoor spiders
  19 snapping turtles
  31 yaks
  8 water elementals
  A golden eye (shapeshifter) (D:15)
  A vampire (D:13)
  5 wraiths
  A shadow (D:11)
  A fire bat (shapeshifter) (D:14)
  2 dire elephant simulacra (IceCv)
  9 deep elf magi
  A human (shapeshifter) (D:15)
  10 deep elf fighters
  4 hogs
  A human (D:11)
  Grum (D:8)
  A vampire mosquito (D:8)
  2 wyverns
  14 hippogriffs
  A redback simulacrum (D:14)
  5 wolves
  A hippogriff (shapeshifter) (D:15)
  Edmund (D:8)
  A hydra simulacrum (IceCv)
  6 water moccasins
  An iron troll simulacrum (IceCv)
  A warg (Shoals:1)
  2 soldier ants
  33 spiders
  10 black bears
  38 orc warriors
  A necrophage (D:8)
  8 porcupines
  A wasp (Spider:2)
  3 sky beasts
  2 phantoms (D:8)
  2 ice beasts
  21 ogres
  An eye of draining (D:13)
  A boring beetle (shapeshifter) (D:15)
  11 big kobolds
  11 centaurs
  2 boring beetles
  Sigmund (D:2)
  15 giant frogs
  6 crocodiles
  A wyvern zombie (D:12)
  A wyvern skeleton (D:12)
  A water moccasin skeleton (D:9)
  11 scorpions
  14 killer bees
  7 wights
  7 crimson imps
  A jelly (D:7)
  An electric eel (Lair:4)
  2 draconian simulacra (IceCv)
  A giant frog zombie (D:9)
  A wasp zombie (D:13)
  7 hounds
  2 giant frog skeletons
  5 iguanas
  31 orc priests
  26 orc wizards
  3 troll simulacra (IceCv)
  10 worker ants
  3 polar bear simulacra (IceCv)
  9 sheep
  3 spriggan simulacra (IceCv)
  2 hound zombies (D:6)
  A hound skeleton (D:5)
  2 mummies
  2 gnolls
  A worker ant zombie (D:7)
  3 naga simulacra (IceCv)
  11 adders
  19 river rats
  2 orc zombies (Orc:4)
  2 orc skeletons (Orc:4)
  3 shadow imps
  A white imp (IceCv)
  3 worms
  3 giant mites
  2 ufetubi (IceCv)
  An adder skeleton (D:7)
  4 giant geckos
  5 oozes
  178 orcs
  4 ball pythons
  2 bat skeletons
  6 giant cockroaches
  19 hobgoblins
  4 jackals (D:1)
  68 kobolds
  17 quokkas
  25 bats
  A giant gecko zombie (D:7)
  6 giant newts
  3 giant spores
  21 goblins
  A jackal skeleton (D:5)
  A quokka zombie (D:9)
  27 rats
  4 ballistomycetes
  A plant (Shoals:3)
1345 creatures vanquished.

Vanquished Creatures (collateral kills)
  Arachne (Spider:3)
  Nikola (Shoals:4)
  The ghost of paplaukes the Nimble, a mighty DsSk of Makhleb (Spider:4)
  2 merfolk javelineers (Shoals:5)
  A fire dragon (Lair:5)
  Harold (Orc:3)
  An alligator snapping turtle (Shoals:5)
  2 orc high priests
  An ice devil (Orc:4)
  A sea snake (Shoals:3)
  3 hill giants
  2 harpies (Shoals:3)
  An orb spider (Spider:5)
  3 orc knights
  2 wolf spiders (Spider:5)
  An orc sorcerer (Orc:4)
  2 sixfirhies (Orc:4)
  An orange demon (Orc:4)
  A siren (Shoals:5)
  A centaur skeleton (D:14)
  3 demonic crawlers
  4 jumping spiders (Spider:5)
  2 blink frogs (Lair:1)
  A snapping turtle (Shoals:3)
  5 redbacks (Spider:5)
  3 water elementals (Shoals:5)
  A wraith (Orc:4)
  A hungry ghost (D:10)
  A yak (D:14)
  A tarantella (Spider:1)
  A vampire mosquito (Orc:4)
  An ice beast (D:5)
  5 ogres
  13 spiders
  11 orc warriors
  A giant frog (D:15)
  A crimson imp (D:14)
  2 orc priests (Orc:4)
  A giant frog skeleton (D:10)
  An orc wizard (Orc:4)
  6 sheep
  2 orc skeletons (Orc:4)
  2 ufetubi (Orc:4)
  An orc zombie (Orc:4)
  15 orcs
  A bat (D:10)
  A goblin (Orc:3)
  A rat (D:10)
117 creatures vanquished.

Vanquished Creatures (others)
  A very ugly thing (Spider:5)
  2 orc high priests (Orc:4)
  4 orc sorcerers (Orc:4)
  2 ugly things
  A drowned soul (Shoals:5)
  A red devil (Orc:4)
  A freezing wraith (IceCv)
  A wind drake (Spider:4)
  2 two-headed ogres (D:14)
  8 air elementals
  2 water elementals (Shoals:5)
  A ynoxinul (Orc:4)
  A human (Shoals:2)
  2 wargs
  4 vampire mosquitoes (Orc:4)
  15 dancing weapons
  3 orc warriors (Orc:4)
  A boring beetle (Spider:4)
  119 fulminant prisms
  A killer bee (D:14)
  A crimson imp (Orc:4)
  6 orc priests (Orc:4)
  3 orc wizards
  A sheep (Shoals:3)
  A mummy (D:14)
  2 white imps
  2 ufetubi
  9 orcs
  A giant spore (D:9)
  2 eldritch tentacle segments (Elf:2)
  2 fungi
  17 plants
  19 tentacles
  826 tentacle segments
1064 creatures vanquished.

Grand Total: 2526 creatures vanquished

Notes
Turn   | Place    | Note
--------------------------------------------------------------
     0 | D:1      | Kira, the Spriggan Wizard, began the quest for the Orb.
     0 | D:1      | Reached XP level 1. HP: 9/9 MP: 6/6
   184 | D:1      | You fall through a shaft!
   240 | D:2      | Reached XP level 2. HP: 13/13 MP: 0/9
   672 | D:2      | Reached skill level 1 in Conjurations
   672 | D:2      | Reached XP level 3. HP: 11/16 MP: 0/13
   800 | D:2      | Reached skill level 5 in Spellcasting
   931 | D:2      | Found a sparkling altar of Nemelex Xobeh.
   940 | D:2      | Became a worshipper of Nemelex Xobeh the Trickster
   967 | D:2      | Received a gift from Nemelex Xobeh
  1016 | D:2      | Noticed Sigmund
  1497 | D:1      | Reached XP level 4. HP: 21/21 MP: 8/17
  2054 | D:2      | Killed Sigmund
  2054 | D:2      | Reached XP level 5. HP: 16/24 MP: 15/20
  2283 | D:2      | Reached skill level 6 in Spellcasting
  3434 | D:4      | Noticed an ogre
  3453 | D:4      | Killed an ogre
  3453 | D:4      | Reached XP level 6. HP: 25/28 MP: 12/22
  3565 | D:4      | HP: 1/28 [poisoned by a worker ant]
  3976 | D:4      | Learned a level 2 spell: Repel Missiles
  3979 | D:4      | Learned a level 2 spell: Blink
  4019 | D:4      | Reached skill level 7 in Spellcasting
  4131 | D:4      | Received a gift from Nemelex Xobeh
  4376 | D:4      | Reached skill level 1 in Evocations
  4376 | D:4      | Reached XP level 7. HP: 20/32 MP: 11/25
  4521 | D:5      | Entered Level 5 of the Dungeon
  4543 | D:5      | Reached skill level 5 in Stealth
  4561 | D:5      | Reached skill level 5 in Dodging
  4640 | D:5      | Found a staircase to the Ecumenical Temple.
  4649 | D:5      | Found a shattered altar of Ashenzari.
  4908 | D:5      | Reached skill level 1 in Short Blades
  5181 | D:5      | Reached skill level 8 in Spellcasting
  5293 | D:5      | Reached XP level 8. HP: 24/36 MP: 16/27
  5641 | D:5      | Received a gift from Nemelex Xobeh
  5965 | D:5      | Reached skill level 9 in Spellcasting
  6198 | D:6      | Reached skill level 5 in Evocations
  6231 | D:6      | Noticed a hill giant
  6624 | D:6      | Got a warped robe
  6635 | D:6      | Identified the +4 robe "Shriprupt" {rPois} (You found it on level 6 of the Dungeon)
  6789 | D:6      | Killed a hill giant
  6789 | D:6      | Reached skill level 10 in Spellcasting
  6789 | D:6      | Reached XP level 9. HP: 35/39 MP: 7/30
  6948 | D:6      | Found an ancient bone altar of Kikubaaqudgha.
  7064 | Temple   | Entered the Ecumenical Temple
  7448 | D:6      | Acquired Nemelex Xobeh's first power
  7448 | D:6      | Received a gift from Nemelex Xobeh
  7464 | D:6      | Found Qopus' Antique Armour Shop.
  7468 | D:6      | Bought a distressingly furry cloak for 256 gold pieces
  7473 | D:6      | Identified the +1 cloak of the Cockatrice {-Tele rPois rF+ rCorr Stlth-} (You bought it in a shop on level 6 of the Dungeon)
  8058 | D:7      | Learned a level 3 spell: Tukima's Dance
  8338 | D:7      | Reached skill level 1 in Hexes
  8449 | D:7      | Found a glowing silver altar of Zin.
  9147 | D:7      | Found a burning altar of Makhleb.
  9294 | D:8      | Reached skill level 11 in Spellcasting
  9294 | D:8      | Reached XP level 10. HP: 31/44 MP: 24/32
  9339 | D:8      | Learned a level 2 spell: Slow
  9339 | D:8      | Noticed Edmund
  9345 | D:8      | Learned a level 1 spell: Corona
  9363 | D:8      | Killed Edmund
  9377 | D:8      | Received a gift from Nemelex Xobeh
  9472 | D:8      | Acquired Nemelex Xobeh's second power
  9622 | D:8      | Noticed Grum
  9727 | D:8      | Killed Grum
 10062 | D:8      | Received a gift from Nemelex Xobeh
 11151 | D:9      | Found a sacrificial altar of Ru.
 11316 | D:9      | Noticed Psyche
 11344 | D:9      | Killed Psyche
 11501 | D:9      | Reached skill level 10 in Stealth
 11559 | D:9      | Received a gift from Nemelex Xobeh
 11572 | D:9      | Acquired Nemelex Xobeh's third power
 12531 | D:10     | Entered Level 10 of the Dungeon
 12538 | D:10     | Received a gift from Nemelex Xobeh
 12544 | D:10     | Found a staircase to the Orcish Mines.
 12560 | D:10     | Reached skill level 5 in Short Blades
 12576 | D:10     | Reached skill level 12 in Spellcasting
 12580 | D:10     | Noticed a hill giant
 12678 | D:10     | Killed a hill giant
 12678 | D:10     | Reached skill level 10 in Dodging
 12736 | D:10     | Reached skill level 10 in Evocations
 12773 | D:10     | Reached XP level 11. HP: 32/47 MP: 24/34
 12895 | D:10     | Received a gift from Nemelex Xobeh
 13027 | D:10     | Found a staircase to the Lair.
 13076 | D:10     | Noticed a hill giant
 13085 | D:10     | Killed a hill giant
 13169 | D:10     | Found a flagged portal.
 13178 | Bailey   | Entered a bailey
 13404 | Bailey   | Reached skill level 5 in Hexes
 14017 | Lair:1   | Entered Level 1 of the Lair of Beasts
 14064 | Lair:1   | Received a gift from Nemelex Xobeh
 14439 | Lair:1   | Received a gift from Nemelex Xobeh
 15011 | Lair:2   | Got an ichor-stained buckler
 15017 | Lair:2   | Identified the +1 buckler "Thruwoq" {Stlth+} (You found it on level 2 of the Lair of Beasts)
 15647 | Orc:1    | Entered Level 1 of the Orcish Mines
 15803 | Orc:2    | Found Juuhux's Gadget Shoppe.
 15891 | Orc:2    | Received a gift from Nemelex Xobeh
 16783 | Orc:1    | Reached skill level 13 in Spellcasting
 16930 | Orc:2    | Reached XP level 12. HP: 36/51 MP: 30/35
 17188 | Orc:1    | Received a gift from Nemelex Xobeh
 17998 | Orc:3    | Found a staircase to the Elven Halls.
 18259 | Orc:2    | Found Zeditah's Antique Weapon Emporium.
 18267 | Orc:2    | Found Ziekk's Food Boutique.
 18344 | Orc:2    | Bought a brightly glowing dagger for 203 gold pieces
 18344 | Orc:2    | Identified the +9 dagger "Soibliez" {speed, Str+2} (You bought it in a shop on level 2 of the Orcish Mines)
 18358 | Orc:2    | Noticed Erica
 18368 | Orc:2    | Killed Erica
 18405 | Orc:2    | Found Ytaddali's Magic Scroll Emporium.
 18413 | Orc:2    | Bought a scroll of enchant weapon for 97 gold pieces
 18561 | Orc:4    | Entered Level 4 of the Orcish Mines
 18569 | Orc:4    | Received a gift from Nemelex Xobeh
 18639 | Orc:4    | Noticed Nessos
 18648 | Orc:4    | Killed Nessos
 19728 | Lair:2   | Noticed a four-headed hydra
 19954 | Lair:2   | Killed a four-headed hydra
 20172 | Lair:3   | Received a gift from Nemelex Xobeh
 20199 | Lair:3   | Noticed Prince Ribbit
 20247 | Lair:2   | Killed Prince Ribbit
 20736 | Lair:3   | Received a gift from Nemelex Xobeh
 21292 | Lair:4   | Received a gift from Nemelex Xobeh
 21533 | Lair:4   | Found a hole to the Spider Nest.
 21611 | Lair:4   | Received a gift from Nemelex Xobeh
 21786 | Lair:4   | Found a staircase to the Shoals.
 22318 | Lair:5   | Received a gift from Nemelex Xobeh
 22432 | Lair:5   | Received a gift from Nemelex Xobeh
 23081 | Lair:5   | Received a gift from Nemelex Xobeh
 23194 | Lair:5   | Noticed a fire dragon
 23198 | Lair:5   | Noticed Zostiysh the pandemonium lord
 23216 | Lair:5   | Killed a fire dragon
 23257 | Lair:5   | Learned a level 4 spell: Enslavement
 23633 | Lair:6   | Got a sparkling garnet amulet
 23634 | Lair:6   | Identified the amulet "Tucan" {Ward rF+ rN+ Str+5 Int+4 Dex-5} (You found it on level 6 of the Lair of Beasts)
 23643 | Lair:6   | Reached XP level 13. HP: 55/55 MP: 36/36
 24238 | Lair:6   | Reached skill level 14 in Stealth
 24256 | Lair:6   | Received a gift from Nemelex Xobeh
 24375 | Lair:6   | Learned a level 3 spell: Stone Arrow
 25240 | Orc:4    | Found a roughly hewn altar of Beogh.
 25290 | Orc:4    | Received a gift from Nemelex Xobeh
 25320 | Orc:4    | Noticed a shard shrike
 25320 | Orc:4    | an orc changed into a shard shrike
 25333 | Orc:4    | Killed a shard shrike
 25333 | Orc:4    | Reached skill level 1 in Earth Magic
 25691 | Orc:4    | Noticed Ghaez the pandemonium lord
 25716 | Orc:4    | Found Vybroux's Food Shoppe.
 25717 | Orc:4    | Found Phejoq's Distillery.
 25770 | Orc:4    | XOM: summons 9 friendly demons
 26139 | Orc:4    | Received a gift from Nemelex Xobeh
 26345 | Orc:4    | Noticed Upocif the pandemonium lord
 27353 | Orc:4    | Bought a potion of degeneration for 14 gold pieces
 28396 | Orc:4    | Found Jaruv's Antique Armour Boutique.
 28396 | Orc:4    | Found a one-way gate leading to the halls of Pandemonium.
 28396 | Orc:4    | Found Nuapp's Book Shop.
 28492 | Orc:4    | Received a gift from Nemelex Xobeh
 28842 | Orc:4    | Noticed an orc warlord
 29555 | Orc:4    | Killed an orc warlord
 29927 | Orc:3    | Noticed Josephine
 29935 | Orc:3    | Killed Josephine
 30355 | Orc:3    | Reached skill level 15 in Spellcasting
 30369 | Orc:3    | Reached skill level 15 in Evocations
 30617 | Orc:3    | Noticed Harold
 30636 | Orc:3    | Killed Harold
 30802 | Orc:4    | Reached XP level 14. HP: 12/59 MP: 38/38
 31485 | Orc:4    | Bought 3 potions of curing for 126 gold pieces
 31485 | Orc:4    | Bought a potion of brilliance for 56 gold pieces
 31485 | Orc:4    | Bought a potion of agility for 56 gold pieces
 31485 | Orc:4    | Bought 2 potions of might for 112 gold pieces
 31485 | Orc:4    | Bought a potion of heal wounds for 70 gold pieces
 31485 | Orc:4    | Bought a potion of cancellation for 112 gold pieces
 31485 | Orc:4    | Bought a potion of lignification for 42 gold pieces
 31485 | Orc:4    | Bought a potion of heal wounds for 70 gold pieces
 31485 | Orc:4    | Bought a potion of berserk rage for 70 gold pieces
 31640 | Orc:4    | Bought a book of Conjurations for 330 gold pieces
 31646 | Orc:4    | Learned a level 4 spell: Fulminant Prism
 31834 | D:10     | Learned a level 6 spell: Invisibility
 31854 | D:10     | Learned a level 1 spell: Apportation
 31944 | D:11     | Received a gift from Nemelex Xobeh
 31991 | D:11     | Reached skill level 15 in Stealth
 32368 | D:11     | Received a gift from Nemelex Xobeh
 32917 | D:12     | Found a labyrinth entrance.
 32921 | Lab      | Entered a labyrinth
 33207 | Lab      | Received a gift from Nemelex Xobeh
 33982 | Lab      | Identified a +0 rod of ignition (10/10) (You found it in a labyrinth)
 34793 | D:12     | Received a gift from Nemelex Xobeh
 35083 | D:12     | Found Gucs' Antique Armour Shop.
 35352 | D:12     | Received a gift from Nemelex Xobeh
 36117 | D:13     | Received a gift from Nemelex Xobeh
 36531 | D:14     | Found a basalt altar of Yredelemnul.
 36771 | D:14     | Reached skill level 16 in Stealth
 36929 | D:14     | Reached skill level 15 in Dodging
 37126 | D:14     | Noticed Fannar
 37140 | D:14     | Killed Fannar
 37140 | D:14     | Reached skill level 5 in Translocations
 37771 | D:14     | Received a gift from Nemelex Xobeh
 37927 | D:14     | Reached skill level 5 in Conjurations
 37962 | D:14     | Gained mutation: You are frail (-10% HP). [mutagenic glow]
 38595 | D:14     | Found a gate to the Vaults.
 38720 | D:15     | Entered Level 15 of the Dungeon
 38742 | D:15     | Reached skill level 10 in Hexes
 38940 | D:15     | Reached XP level 15. HP: 17/56 MP: 39/39
 39166 | D:15     | Found an ancient bone altar of Kikubaaqudgha.
 39239 | D:15     | Reached skill level 17 in Stealth
 39477 | D:15     | Received a gift from Nemelex Xobeh
 39782 | D:15     | Found a staircase to the Depths.
 39926 | Depths:1 | Entered Level 1 of the Depths
 40181 | Depths:1 | Noticed a tengu reaver
 40784 | Spider:1 | Entered Level 1 of the Spider Nest
 40958 | Spider:1 | Received a gift from Nemelex Xobeh
 42074 | Spider:1 | Got a bone dagger
 42075 | Spider:1 | Identified the cursed +1 dagger of Poept {pierce, *Rage +Blink rElec Str+4 Stlth+} (You found it on level 1 of the Spider Nest)
 42659 | Spider:2 | Received a gift from Nemelex Xobeh
 43511 | Spider:2 | Received a gift from Nemelex Xobeh
 43525 | Spider:2 | Reached skill level 18 in Stealth
 44591 | Spider:3 | Received a gift from Nemelex Xobeh
 44629 | Spider:3 | Noticed Arachne
 44682 | Spider:3 | Killed Arachne
 45898 | Spider:4 | Identified the Guide on Virous Beguiling
 45904 | Spider:4 | Learned a level 2 spell: Sure Blade
 45920 | Spider:4 | Noticed paplaukes' ghost (mighty DsSk)
 45956 | Spider:4 | Killed paplaukes' ghost
 46107 | Spider:4 | Received a gift from Nemelex Xobeh
 46736 | Spider:4 | Noticed Pnemaurchu the pandemonium lord
 46801 | Spider:5 | Entered Level 5 of the Spider Nest
 46823 | Spider:4 | Your ally Pnemaurchu died
 46857 | Spider:4 | Reached XP level 16. HP: 20/60 MP: 30/40
 47087 | Spider:5 | Reached skill level 1 in Charms
 47126 | Spider:5 | Received a gift from Nemelex Xobeh
 47672 | Spider:5 | Reached skill level 10 in Translocations
 47879 | Spider:5 | Received a gift from Nemelex Xobeh
 48107 | Spider:5 | Reached skill level 19 in Stealth
 49436 | Spider:5 | Gained mutation: Your magical capacity is low (-10% MP). [mutagenic glow]
 50048 | Spider:5 | Got a gossamer rune of Zot
 50170 | Spider:4 | Gained mutation: Your magical capacity is very low (-20% MP). [mutagenic glow]
 50847 | D:10     | Lost mutation: You are frail (-10% HP). [potion of cure mutation]
 50847 | D:10     | Lost mutation: Your magical capacity is very low (-20% MP). [potion of cure mutation]
 50847 | D:10     | Lost mutation: Your magical capacity is low (-10% MP). [potion of cure mutation]
 51002 | Shoals:1 | Entered Level 1 of the Shoals
 51072 | Shoals:1 | Received a gift from Nemelex Xobeh
 51866 | Shoals:1 | Received a gift from Nemelex Xobeh
 51900 | Shoals:2 | Noticed Saint Roka
 52537 | Shoals:1 | Killed Saint Roka
 52853 | Shoals:2 | Received a gift from Nemelex Xobeh
 52871 | Shoals:2 | Noticed Kirke
 52892 | Shoals:2 | Killed Kirke
 53482 | Shoals:2 | Reached XP level 17. HP: 38/70 MP: 29/40
 54091 | Shoals:2 | Found Etwucuen's Magic Scroll Emporium.
 54352 | Shoals:3 | Received a gift from Nemelex Xobeh
 55271 | Shoals:3 | Received a gift from Nemelex Xobeh
 56014 | Shoals:3 | Reached skill level 20 in Stealth
 56750 | Shoals:4 | Received a gift from Nemelex Xobeh
 56758 | Shoals:4 | Noticed Nikola
 56810 | Shoals:4 | Found Peikkaum's Gadget Shop.
 56813 | Shoals:4 | Got a heavily jewelled robe
 56824 | Shoals:4 | Identified the +2 robe of the Komtur {rN+} (You found it on level 4 of the Shoals)
 57002 | Shoals:4 | Got a heavily jewelled robe
 57013 | Shoals:4 | Identified the +0 robe "Mutwad" {Slay+3} (You found it on level 4 of the Shoals)
 57675 | Shoals:4 | Killed Nikola
 58012 | Shoals:5 | Entered Level 5 of the Shoals
 58024 | Shoals:5 | Received a gift from Nemelex Xobeh
 58421 | Shoals:5 | Identified Yczacet's Incunabulum of Twisted Conjuration
 58433 | Shoals:5 | Learned a level 5 spell: Warp Weapon
 58581 | Shoals:5 | Noticed Ilsuiw
 58830 | Shoals:5 | Killed Ilsuiw
 59408 | Shoals:4 | Learned a level 4 spell: Force Lance
 59828 | Shoals:4 | Bought a +0 rod of inaccuracy (9/9) for 980 gold pieces
 61511 | Shoals:5 | Received a gift from Nemelex Xobeh
 61822 | Shoals:5 | Reached XP level 18. HP: 65/74 MP: 23/41
 61852 | Shoals:5 | Learned a level 1 spell: Summon Butterflies
 61879 | Shoals:5 | Reached skill level 21 in Stealth
 62183 | Shoals:5 | Got a barnacled rune of Zot
 63168 | Orc:2    | Bought a bread ration for 50 gold pieces
 63168 | Orc:2    | Bought 4 fruits for 60 gold pieces
 63168 | Orc:2    | Bought a fruit for 15 gold pieces
 63168 | Orc:2    | Bought a bread ration for 50 gold pieces
 63242 | Elf:1    | Entered Level 1 of the Elven Halls
 63295 | Elf:1    | Noticed Roxanne
 63551 | Elf:1    | Received a gift from Nemelex Xobeh
 63681 | Elf:1    | Reached skill level 10 in Conjurations
 64233 | Elf:1    | Killed Roxanne
 64447 | Elf:2    | Found a frozen archway.
 64464 | IceCv    | Entered an ice cave
 64880 | IceCv    | Slain by an anaconda simulacrum

Action                   |  1- 3 |  4- 6 |  7- 9 | 10-12 | 13-15 | 16-18 || total
-------------------------+-------+-------+-------+-------+-------+-------++-------
Melee: Unarmed           |    30 |       |       |       |       |       ||    30
       Short sword       |       |    49 |   273 |   827 |       |       ||  1149
       Dagger            |       |       |       |   373 |  1522 |  1119 ||  3014
       Rapier            |       |       |       |       |       |   128 ||   128
 Cast: Magic Dart        |   104 |   169 |   330 |   371 |    95 |    24 ||  1093
       Repel Missiles    |       |     1 |     1 |     2 |     4 |    11 ||    19
       Blink             |       |       |     2 |       |       |       ||     2
       Tukima's Dance    |       |       |    12 |    34 |    21 |       ||    67
       Slow              |       |       |       |    61 |    94 |   110 ||   265
       Corona            |       |       |       |    16 |       |       ||    16
       Stone Arrow       |       |       |       |       |   256 |   326 ||   582
       Enslavement       |       |       |       |       |    54 |       ||    54
       Fulminant Prism   |       |       |       |       |    58 |    61 ||   119
       Invisibility      |       |       |       |       |    14 |    41 ||    55
       Sure Blade        |       |       |       |       |     2 |    16 ||    18
       Force Lance       |       |       |       |       |       |    62 ||    62
       Warp Weapon       |       |       |       |       |       |     6 ||     6
Invok: Triple Draw       |       |       |       |     2 |       |     1 ||     3
       Deal Four         |       |       |       |       |       |     1 ||     1
 Abil: Evoke Flight      |       |       |       |     2 |       |    15 ||    17
Evoke: Deck              |     1 |     4 |     6 |    45 |    50 |    39 ||   145
       Wand              |       |       |       |    22 |     5 |     5 ||    32
       Rod               |       |       |       |       |    32 |    27 ||    59
       Staff of energy   |       |       |       |       |     1 |       ||     1
       Fan of gales      |       |       |       |       |       |     3 ||     3
       Lamp of fire      |       |       |       |       |       |     2 ||     2
  Use: Scroll            |       |     4 |       |    12 |    23 |     8 ||    47
       Potion            |       |       |     1 |     4 |     6 |    12 ||    23
 Stab: Sleeping          |     1 |     6 |    17 |    66 |    97 |    69 ||   256
       Distracted        |       |       |     2 |     4 |    15 |     6 ||    27
       Petrified         |       |       |       |     1 |       |       ||     1
       Paralysed         |       |       |       |     1 |       |       ||     1
       Invisible         |       |       |       |       |    22 |   129 ||   151
  Eat: Bread ration      |       |     1 |     1 |     3 |     4 |     7 ||    16
       Fruit             |       |       |     1 |     4 |       |       ||     5
       Pizza             |       |       |       |     1 |     8 |     2 ||    11
